 Dungeon Crawl Stone Soup version 0.18.1-50-g88ac8fd (webtiles) character file.

234 Peloso the Covered (level 5, -4/47 HPs)
             Began as a Minotaur Fighter on Oct 14, 2016.
             Slain by a gnoll
             ... wielding a +0 spear
              (6 damage)
             ... on level 3 of the Dungeon.
             The game lasted 00:04:21 (1527 turns).

Peloso the Covered (Minotaur Fighter)               Turns: 1527, Time: 00:04:21

Health: -4/47      AC:  7    Str: 20    XL:     5   Next: 75%
Magic:  4/4        EV:  3    Int:  5    God:
Gold:   135        SH:  9    Dex: 11    Spells: 0 memorised, 4 levels left

rFire  . . .     SeeInvis .     a - +0 long sword
rCold  . . .     Gourm    .     b - +0 scale mail
rNeg   . . .     Faith    +     c - +0 shield
rPois  .         Spirit   .     (helmet restricted)
rElec  .         Dismiss  .     (no cloak)
rCorr  .         Reflect  .     (no gloves)
SustAt .         Harm     .     (no boots)
MR     .....                    s - amulet of faith
Stlth  ..........               (no ring)
                                (no ring)

@: not resistant to hostile enchantments, extremely unstealthy
A: retaliatory headbutt, horns 2
a: no special abilities


You were on level 3 of the Dungeon.
You were hungry.

You visited 1 branch of the dungeon, and saw 3 of its levels.

You collected 135 gold pieces.

Inventory:

Hand Weapons
 a - a +0 long sword (weapon)
 p - a +0 dagger of flaming
Armour
 b - a +0 scale mail (worn)
 c - a +0 shield (worn)
Jewellery
 s - an amulet of faith (around neck)
Scrolls
 e - 3 scrolls of identify {unknown}
 h - a scroll of noise {unknown}
 n - a scroll of teleportation {unknown}
 q - a scroll of magic mapping {unknown}
Potions
 d - 2 potions of might
 g - 2 potions of curing {unknown}
 i - a potion of lignification {unknown}
 k - 4 potions of agility {unknown}
 l - a potion of heal wounds {unknown}
 r - a potion of haste {unknown}
 t - a potion of cure mutation {unknown}
Comestibles
 f - 3 bread rations
 j - 3 meat rations
 m - a slice of pizza


   Skills:
 + Level 4.6 Fighting
 + Level 3.5 Long Blades
 + Level 5.6 Armour
 + Level 2.1 Dodging
 + Level 4.4 Shields


You had 4 spell levels left.
You didn't know any spells.

Dungeon Overview and Level Annotations

Branches:
Dungeon (3/15)

Altars:
Ashenzari
Cheibriados
Dithmenos
Fedhas
Pakellas
Ru
Vehumet
Yredelemnul


Innate Abilities, Weirdness & Mutations

You reflexively headbutt those who attack you in melee.
You have a pair of horns on your head.


Message History

* * * LOW HITPOINT WARNING * * *
You slash the gnoll!
The gnoll is severely wounded.
The orc wizard mumbles some strange words.
The orc wizard blinks!
You block the gnoll's attack.
You hit the gnoll but do no damage.
The gnoll is severely wounded.
The gnoll hits you from afar with a spear.
* * * LOW HITPOINT WARNING * * *
The gnoll hits you!
* * * LOW HITPOINT WARNING * * *
The orc suddenly complains.
You are feeling hungry.
Things that are here:
a jackal corpse x2
There is a stone staircase leading up here.
The gnoll hits you.
* * * LOW HITPOINT WARNING * * *
The gnoll hits you from afar with a spear.
You die...

(#.###.#.# #..# (..#
#...# #..# ##.###.###
#..##### ###...##
#.o.g..# .###.##
#.####.# ..##.# #g#
#.# )....# #.# #g#
..#################.#
##.##
..[(.........÷..@gg.#
#...#
##########..#########
#...# #..# #.o.# #..#
##.## #..# #.# #..#
#.# #..# #†# #..# #.#
#..# #.#


You could see 2 gnolls.

Vanquished Creatures
  A centaur (D:3)
  Robin (D:2)
  2 adders (D:2)
  2 gnolls (D:3)
  2 oozes
  3 worms (D:2)
  2 dart slugs
  5 giant geckos
  An orc (D:3)
  A ball python (D:2)
  5 giant cockroaches
  17 goblins
  9 hobgoblins
  6 jackals (D:3)
  7 bats
  4 giant newts
  6 kobolds
  6 rats
80 creatures vanquished.

Notes
Turn   | Place    | Note
--------------------------------------------------------------
     0 | D:1      | Peloso the Minotaur Fighter began the quest for the Orb.
     0 | D:1      | Reached XP level 1. HP: 19/19 MP: 0/0
   136 | D:1      | Reached XP level 2. HP: 14/27 MP: 1/1
   146 | D:1      | Reached skill level 4 in Armour
   522 | D:2      | Reached XP level 3. HP: 33/33 MP: 2/2
   549 | D:2      | Noticed Robin
   560 | D:2      | Killed Robin
   567 | D:2      | Reached skill level 1 in Dodging
   603 | D:2      | Reached XP level 4. HP: 21/40 MP: 3/3
   724 | D:2      | Found a shattered altar of Ashenzari.
   726 | D:2      | Found a basalt altar of Yredelemnul.
   727 | D:2      | Found a shadowy altar of Dithmenos.
   728 | D:2      | Found a snail-covered altar of Cheibriados.
   728 | D:2      | Found a radiant altar of Vehumet.
   728 | D:2      | Found a blossoming altar of Fedhas.
   730 | D:2      | Found a sacrificial altar of Ru.
   732 | D:2      | Found an oddly glowing altar of Pakellas.
   778 | D:2      | Found a faded altar to an unknown god.
   861 | D:2      | Reached skill level 5 in Armour
  1204 | D:3      | Noticed a centaur
  1212 | D:3      | Killed a centaur
  1212 | D:3      | Reached XP level 5. HP: 33/47 MP: 4/4
  1489 | D:3      | HP: 2/47 [gnoll (7)]
  1527 | D:3      | HP: 2/47 [gnoll (5)]
  1527 | D:3      | Slain by a gnoll

Skill      XL: |  1  2  3  4  5 |
---------------+----------------+-----
Armour         | 4 5 |  5.6
Fighting       | 4 |  4.6
Shields        | 4 |  4.4
Dodging        | 1 2 |  2.1
Long Blades    | 3 |  3.5

Action                   |  1- 3 |  4- 6 || total
-------------------------+-------+-------++-------
Melee: Long sword        |   105 |   119 ||   224
       Headbutt          |     5 |    13 ||    18
  Eat: Chunk             |       |     2 ||     2
Armor: Scale mail        |    54 |    53 ||   107
Dodge: Dodged            |    42 |    56 ||    98
Block: Shield            |    57 |    71 ||   128
